 Dungeon Crawl Stone Soup version 0.25-a0-413-g3b4b6a4ccc (webtiles) character file.

Game seed: 10942213063021899564, levelgen mode: deterministic

6995 MrRokkomies the Placeless Spriggan (level 10, -4/53 HPs)
             Began as a Spriggan Warper on Jan 14, 2020.
             Was a Priest of Sif Muna.
             Slain by a wight
             ... wielding a +2 flail of freezing
              (12 damage)
             ... on level 9 of the Dungeon.
             The game lasted 00:45:36 (13786 turns).

MrRokkomies the Placeless Spriggan (SpWr)          Turns: 13786, Time: 00:45:39

Health: -4/53      AC:  3    Str:  7    XL:     10   Next: 82%
Magic:  19/19      EV: 25    Int: 18    God:    Sif Muna [***...]
Gold:   469        SH:  0    Dex: 20    Spells: 6/20 levels left

rFire    . . .     SeeInvis +   a - +2 dagger (venom)
rCold    . . .     Gourm    .   (shield restricted)
rNeg     . . .     Faith    .   i - +1 robe
rPois    .         Spirit   .   (helmet restricted)
rElec    .         Reflect  .   (no cloak)
rCorr    .         Harm     .   (gloves unavailable)
MR       +....                  (boots unavailable)
Stlth    ++++......             (no amulet)
HPRegen  0.17/turn              A - +4 ring of dexterity
MPRegen  0.16/turn              (no ring)

@: drained, very quick
A: very small, unfitting armour, see invisible, herbivore, speed 3, slow
metabolism 2
a: Channel Magic, Forget Spell, Renounce Religion


You were on level 9 of the Dungeon.
You worshipped Sif Muna.
Sif Muna was most pleased with you.
You were hungry.

You visited 1 branch of the dungeon, and saw 9 of its levels.
You also visited: Ossuary.

You collected 613 gold pieces.
You spent 144 gold pieces at shops.

Inventory:

Hand Weapons
 a - a +2 dagger of venom (weapon)
 b - a +0 hunting sling
 u - a +0 lajatang
Missiles
 e - 5 boomerangs of dispersal
 m - 4 curare-tipped darts
 o - 270 stones
 r - 11 poisoned darts (quivered)
 s - 22 sling bullets
 v - 3 atropa-tipped darts
Armour
 i - a +1 robe (worn)
Jewellery
 A - a +4 ring of dexterity (left hand)
Wands
 g - a wand of paralysis (3)
 x - a wand of clouds (5)
 y - a wand of iceblast (9)
Scrolls
 c - 7 scrolls of teleportation
 d - 3 scrolls of blinking
 t - a scroll of remove curse
 z - a scroll of amnesia
Potions
 h - 5 potions of agility
 j - 4 potions of mutation
 k - a potion of ambrosia
 n - 2 potions of haste
 q - a potion of berserk rage
 w - 4 potions of lignification
 B - a potion of brilliance
 D - a potion of heal wounds
 E - 2 potions of cancellation
 F - a potion of might
 G - 3 potions of curing
 H - 3 potions of invisibility
 I - a potion of magic
Comestibles
 f - 10 rations


   Skills:
 * Level 6.5(5.6) Fighting
 - Level 10.0(9.0) Short Blades
 - Level 1.0(0.2) Throwing
 - Level 9.4(8.4) Dodging
 - Level 10.0(9.0) Stealth
 * Level 5.5(4.6) Spellcasting
 + Level 10.3(9.3) Translocations
 + Level 2.5(1.7) Evocations


You had 6 spell levels left.
You knew the following spells:

 Your Spells              Type           Power        Failure   Level  Hunger
a - Blink                 Tloc           N/A          1%          2    #......
b - Shroud of Golubria    Chrm/Tloc      ###...       3%          2    #......
c - Gell's Gravitas       Tloc           #####.....   1%          3    ###....
d - Teleport Other        Tloc           #####...     1%          3    ###....
e - Passage of Golubria   Tloc           N/A          3%          4    ####...

Your spell library contained the following spells:

 Spells                   Type           Power        Failure   Level  Hunger
 Lesser Beckoning         Tloc           #####.....   1%          3    ###....


Dungeon Overview and Level Annotations

Branches:
Dungeon (9/15)             Temple (0/1) D:7         Ossuary (visited)
   Lair: D:8-11         Orc: D:9-12

Altars:
Sif Muna
Trog

Shops:
D:5 (=(!

Annotations:
D:3 Grinder


Innate Abilities, Weirdness & Mutations

You are very small and have problems with some larger weapons.
You are too small for most types of armour.
You have supernaturally acute eyesight. (SInv)
You are a herbivore.
You cover ground extremely quickly.
You need to consume almost no food.


Message History

You hit the wight.
The wight is almost destroyed.
The wight misses you.
You hit the wight.
The wight is almost destroyed.
You hit the wight but do no damage.
The wight is almost destroyed.
You hit the wight.
You destroy the wight!
Sif Muna accepts your kill. The wight completely misses you.
The wight closely misses you.
You closely miss the wight. You hit the wight but do no damage.
The wight hits you with a cursed +4 flail of freezing!
You feel drained.
* * * LOW HITPOINT WARNING * * *
The wight freezes you.
* * * LOW HITPOINT WARNING * * *
The wight hits you with a +2 flail of freezing!
You die...

######### #.......#
##.......# ##...
#####>....)..# ##.)..
#...(((.@)...# .....
#..(####zz###### #...
#...# #.......#
...##...# #(......# ##
###.#....####.<.....#
...#.....)(.##.((......#
....<...#....zz.###.####
........###(#z.## <#
....###.##.[(.## .#


You could see 2 wights.

Vanquished Creatures
  Prince Ribbit (D:6)
  2 hippogriffs
  Sigmund (D:3)
  A vampire (D:9)
  6 yaks (D:7)
  4 hogs (D:7)
  8 humans (D:7)
  Edmund (D:7)
  2 sky beasts (D:7)
  An eye of draining (D:4)
  An orc warrior (D:9)
  2 phantoms
  5 ogres
  2 centaurs
  8 bullfrogs
  2 scorpions
  6 wights
  5 crimson imps
  A centaur zombie (D:5)
  A bullfrog zombie (D:7)
  2 bullfrog skeletons
  5 hounds
  2 jellies
  4 orc priests
  2 centaur skeletons
  Terence (D:2)
  Natasha (thrice) (D:2)
  2 iguanas
  7 orc wizards
  5 worker ants
  A big kobold zombie (Ossuary)
  3 hound skeletons
  8 mummies (Ossuary)
  2 worker ant zombies
  10 adders
  2 shadow imps (D:5)
  2 oozes
  5 worms
  3 dart slugs
  6 leopard geckos
  16 orcs
  2 ball pythons (D:4)
  4 giant cockroaches
  A gnoll zombie (Ossuary)
  6 hobgoblins
  8 jackals
  2 quokkas
  A ball python skeleton (D:4)
  8 bats
  9 frilled lizards
  4 goblins
  A hobgoblin zombie (Ossuary)
  9 kobolds
  2 kobold zombies (Ossuary)
  A leopard gecko skeleton (D:5)
  3 orc zombies (Ossuary)
  A quokka skeleton (D:4)
  6 rats
219 creatures vanquished.

Notes
Turn   | Place    | Note
-------+----------+-------------------------------------------
     0 | D:1      | MrRokkomies the Spriggan Warper began the quest for the
                  | Orb.
     0 | D:1      | Reached XP level 1. HP: 10/10 MP: 5/5
   198 | D:1      | Reached skill level 1 in Stealth
   198 | D:1      | Reached XP level 2. HP: 13/14 MP: 6/6
  1229 | D:1      | Learned a level 2 spell: Blink
  1232 | D:1      | Learned a level 2 spell: Shroud of Golubria
  1295 | D:2      | Noticed Terence
  1327 | D:2      | Killed Terence
  1327 | D:2      | Reached XP level 3. HP: 12/18 MP: 8/8
  1667 | D:2      | Reached skill level 5 in Dodging
  1667 | D:2      | Reached XP level 4. HP: 7/22 MP: 9/9
  1711 | D:2      | Noticed Natasha
  1719 | D:2      | Killed Natasha
  1820 | D:2      | Noticed Natasha
  1824 | D:2      | Killed Natasha
  1824 | D:2      | Reached skill level 5 in Translocations
  1824 | D:2      | Reached XP level 5. HP: 14/25 MP: 10/10
  1833 | D:2      | Noticed Natasha
  1868 | D:2      | Killed Natasha
  2131 | D:2      | Learned a level 3 spell: Gell's Gravitas
  2196 | D:2      | Found a bloodstained altar of Trog.
  3359 | D:3      | Reached XP level 6. HP: 6/30 MP: 11/11
  3798 | D:3      | Noticed Grinder
  3944 | D:3      | Noticed Sigmund
  3961 | D:3      | Killed Sigmund
  4223 | D:4      | Reached skill level 5 in Short Blades
  4293 | D:4      | Reached XP level 7. HP: 20/33 MP: 12/12
  4642 | D:4      | Noticed a hippogriff
  4678 | D:4      | HP: 1/33 [hippogriff (7)]
  4693 | D:4      | Killed a hippogriff
  4693 | D:4      | Reached skill level 5 in Stealth
  5054 | D:3      | Found a shimmering blue altar of Sif Muna.
  5057 | D:3      | Became a worshipper of Sif Muna the Loreminder
  5100 | D:3      | Paralysed by Grinder for 2 turns
  5467 | D:4      | Learned a level 3 spell: Teleport Other
  5815 | D:4      | Reached XP level 8. HP: 37/37 MP: 7/13
  6829 | D:5      | Entered Level 5 of the Dungeon
  6869 | D:5      | Found Zulitell's Weapon Shop.
  6895 | D:5      | Bought a +2 dagger of venom for 144 gold pieces
  6923 | D:5      | Found Edaggirch's Jewellery Boutique.
  6924 | D:5      | Found Mivvic's Distillery.
  6925 | D:5      | Found Kan Ypra's Antique Weapon Boutique.
  6926 | D:5      | Found Plog's Weapon Boutique.
  7034 | D:5      | Reached * piety under Sif Muna
  8497 | D:6      | Noticed Prince Ribbit
  8530 | D:6      | Killed Prince Ribbit
  8530 | D:6      | Reached XP level 9. HP: 21/44 MP: 14/14
  9271 | D:7      | Reached ** piety under Sif Muna
  9462 | D:7      | Found a staircase to the Ecumenical Temple.
  9846 | D:7      | Found a runed translucent door.
  9846 | D:7      | Found a runed translucent door.
 10276 | D:7      | Noticed Edmund
 10427 | D:7      | Killed Edmund
 10812 | D:7      | Reached skill level 5 in Fighting
 10812 | D:7      | Reached XP level 10. HP: 31/51 MP: 2/15
 11045 | D:7      | Found a runed translucent door.
 11367 | D:7      | Learned a level 4 spell: Passage of Golubria
 11445 | D:8      | Reached skill level 10 in Short Blades
 11618 | D:8      | Reached *** piety under Sif Muna
 11618 | D:8      | Reached skill level 10 in Stealth
 11664 | D:8      | Found a sand-covered staircase.
 11705 | Ossuary  | Entered an ossuary
 12498 | Ossuary  | Reached skill level 10 in Translocations
 12842 | D:8      | Reached skill level 1 in Evocations
 13448 | D:9      | Reached skill level 5 in Spellcasting
 13786 | D:9      | Slain by a wight

Levels and vault maps discovered:
D:1:      minmay_arrival_three_doors, layout_loops_ring,
          minmay_misc_feat_encased
D:2:      layout_basic, overflow_temple_1_default, grunt_decor_clamped,
          uniq_terence, uniq_natasha
D:3:      layout_rooms, lemuel_blue_sif_altar, uniq_sigmund, uniq_grinder
D:4:      layout_gridville
D:5:      layout_loops_ring, serial_shops, nicolae_shop_window_shopping,
          first_ration, minmay_shop_grid_forest
D:6:      layout_basic, uniq_prince_ribbit1
D:7:      erik_cavepeople, layout_basic, minmay_temple_entry_drinking_statues,
          grunt_livestock
D:8:      layout_rooms, lightli_ossuary_entry_decrepit_ruins
D:9:      layout_rooms, dpeg_oklobed_lair, david_orc_2, uniq_psyche

Skill      XL: |  1  2  3  4  5  6  7  8  9 10 |
---------------+-------------------------------+-----
Dodging        | 4 5 6 7 8 9 |  9.4
Stealth        | 1 2 3 4 5 7 9 10 | 10.0
Short Blades   | 3 4 5 6 7 9 10 | 10.0
Translocations | 5 6 8 9 10 | 10.3
Fighting       | 3 5 6 |  6.5
Spellcasting   | 5 |  5.5
Evocations     | 2 |  2.5
Throwing       | |  1.0

Action                   |  1- 3 |  4- 6 |  7- 9 | 10-12 || total
-------------------------+-------+-------+-------+-------++-------
Melee: Short sword       |   136 |       |    52 |       ||   188
       Rapier            |    16 |   251 |   163 |       ||   430
       Dagger            |       |       |   470 |   390 ||   860
 Fire: Hunting sling     |       |       |       |   110 ||   110
Throw: Stone             |    10 |    41 |    22 |     4 ||    77
       Dart              |     5 |    17 |    41 |    14 ||    77
 Cast: Gell's Gravitas   |       |     1 |    24 |    16 ||    41
       Blink             |       |       |     4 |       ||     4
       Teleport Other    |       |       |     4 |       ||     4
       Passage of Golubr |       |       |       |     2 ||     2
Evoke: Wand              |       |       |       |     5 ||     5
  Use: Scroll            |     3 |     5 |     7 |    10 ||    25
       Potion            |       |     2 |     2 |       ||     4
 Stab: Sleeping          |     7 |     1 |    17 |     1 ||    26
       Distracted        |       |     1 |     1 |       ||     2
       Paralysed         |       |       |       |     3 ||     3
  Eat: Ration            |       |     1 |     5 |     3 ||     9
Armor: Robe              |    14 |    15 |     9 |       ||    38
Dodge: Dodged            |   172 |   217 |   408 |   206 ||  1003

Table legend:
 A = Non-vault XP
 B = Vault XP
 C = Vault XP percentage of total XP
 D = Non-vault monster count
 E = Vault monster count
 F = Vault count percentage of total count
                 A         B        C        D         E       F
            +---------+---------+-------+---------+---------+-------
      Total |    5448 |    4546 |  45.5 |     176 |      43 |  19.6
            +---------+---------+-------+---------+---------+-------
        D:1 |      36 |       0 |   0.0 |      20 |       0 |   0.0
        D:2 |     229 |      71 |  23.7 |      21 |       2 |   8.7
        D:3 |      70 |     227 |  76.4 |      26 |       1 |   3.7
        D:4 |    1102 |       0 |   0.0 |      29 |       0 |   0.0
        D:5 |     295 |       0 |   0.0 |      12 |       0 |   0.0
        D:6 |     702 |     264 |  27.3 |      22 |       1 |   4.3
        D:7 |    1008 |    3808 |  79.1 |      22 |      23 |  51.1
        D:8 |    1000 |       0 |   0.0 |      12 |       0 |   0.0
        D:9 |    1006 |       0 |   0.0 |      12 |       0 |   0.0
    Ossuary |       0 |     176 | 100.0 |       0 |      16 | 100.0
            +---------+---------+-------+---------+---------+-------
